 Dungeon Crawl Stone Soup version 0.22-a0-512-g0943f25 (webtiles) character file.

4565 iamserjio the Covert (level 10, -19/48 HPs)
             Began as a Felid Fighter on June 18, 2018.
             Was a High Priest of Makhleb.
             Demolished by a cyclops (34 damage)
             ... on level 11 of the Dungeon.
             The game lasted 00:44:40 (17440 turns).

iamserjio the Covert (Felid Fighter)               Turns: 17440, Time: 00:44:40

Health: -19/48     AC:  2    Str: 12    XL:     10   Next: 18%
Magic:  16/16      EV: 25    Int: 13    God:    Makhleb [*****.]
Gold:   844        SH:  0    Dex: 16    Spells: 9/9 levels left
                                        Lives:  0   Deaths: 2

rFire    . . .     SeeInvis +     - Unarmed
rCold    . . .     Gourm    .   (shield unavailable)
rNeg     . . .     Faith    .   (armour unavailable)
rPois    .         Spirit   .   (helmet unavailable)
rElec    .         Reflect  .   (cloak unavailable)
rCorr    .         Harm     .   (gloves unavailable)
MR       ++...                  (boots unavailable)
Stlth    +++++.....             (no amulet)
HPRegen  0.16/turn              d - +1 ring of slaying
MPRegen  0.15/turn              y - ring of protection from magic

@: quick
A: very small, no armour, no weapons or thrown items, stealth, claws 1, fangs 3,
see invisible, carnivore, speed 1, shaggy fur 2, slow metabolism 1, sharp paws
a: Minor Destruction, Lesser Servant of Makhleb, Major Destruction, Greater
Servant of Makhleb, Renounce Religion


You were on level 11 of the Dungeon.
You worshipped Makhleb.
Makhleb was extremely pleased with you.
You were completely stuffed.

You visited 2 branches of the dungeon, and saw 13 of its levels.

You collected 844 gold pieces.

Inventory:

Missiles
 r - 180 arrows
Jewellery
 d - a +1 ring of slaying (left paw)
 l - an uncursed ring of flight
 t - an uncursed ring of protection from cold
 y - a ring of protection from magic (right paw)
 B - an uncursed ring of wizardry
 G - an uncursed ring of protection from cold
Wands
 m - a wand of polymorph (34)
 s - a wand of acid (5)
 I - a wand of digging (11)
Scrolls
 c - a scroll of random uselessness {unknown}
 e - 3 scrolls of enchant weapon
 f - 7 scrolls of remove curse {@r2}
 g - 9 scrolls of teleportation
 h - a scroll of enchant armour
 q - a scroll of fear {unknown}
 u - 3 scrolls of fog
 w - 2 scrolls of magic mapping
 x - a scroll of amnesia {unknown}
 E - a scroll of blinking
 H - a scroll of noise {unknown}
Potions
 a - 2 potions of might
 i - 2 potions of berserk rage
 j - 5 potions of flight
 n - 2 potions of brilliance
 o - a potion of cancellation {unknown}
 p - 4 potions of curing {@q1}
 v - a potion of lignification {unknown}
 z - a potion of magic {unknown}
 A - a potion of haste {unknown}
 C - a potion of ambrosia {unknown}
 D - a potion of mutation {unknown}
Comestibles
 b - 19 rations
 F - 2 chunks of flesh


   Skills:
 * Level 8.2 Fighting
 + Level 9.6 Dodging
 + Level 10.9 Stealth
 + Level 10.8 Unarmed Combat
 + Level 7.1 Invocations


You had 9 spell levels left.
You didn't know any spells.
Your spell library contained the following spells:

 Spells                   Type           Power        Failure   Level  Hunger
 Conjure Flame            Conj/Fire      #.......     67%         3    ####...
 Freezing Cloud           Conj/Ice/Air   #.........   100%        6    #######
 Mephitic Cloud           Conj/Pois/Air  #.......     67%         3    ####...
 Ring of Flames           Chrm/Fire      #.........   100%        7    #######
 Poisonous Vapours        Pois/Air       #.....       43%         2    ###....


Dungeon Overview and Level Annotations

Branches:
Dungeon (12/15)            Temple (0/1) D:6            Lair (0/6) D:11
    Orc (1/2) D:10

Altars:
Fedhas
Kikubaaqudgha
Makhleb
Yredelemnul
Beogh

Annotations:
D:8 1 exclusion, Gastronok


Innate Abilities, Weirdness & Mutations

You cannot wear armour.
You are incapable of wielding weapons or throwing items.
Your paws allow you to move quietly. (Stealth)
You have sharp claws.
You have razor-sharp teeth.
You have supernaturally acute eyesight. (SInv)
You are carnivorous and can eat meat at any time.
You cover ground quickly.
You are covered in thick fur. (AC +2)
You have a slow metabolism.
Your sharp claws are effective at attacking unaware monsters.


Message History

The cyclops is moderately wounded.
The unseen horror hits you.
You claw the cyclops!
The cyclops is severely wounded.
The unseen horror hits you.
Your hellwing hits the unseen horror! Your hellwing misses the unseen horror.
The unseen horror hits your hellwing but does no damage.
The cyclops hits you!!
Ouch! That really hurt!
* * * LOW HITPOINT WARNING * * *
You feel much better. The unseen horror hits you! x2
Your hellwing closely misses the unseen horror.
Your hellwing barely misses the unseen horror.
The unseen horror completely misses you.
You barely miss the cyclops.
The cyclops is severely wounded.
The unseen horror completely misses you.
The cyclops hits you!!
Ouch! That really hurt!
You die...

..##.........##...P.P...
.............####...P...
.............# ###.....
)#.........# #.....
#.........# #..##.
#.........# #..##.
#........(# #..##.
#....4x...# #..##.
#...@.....# #..##.
#..C......######..##.
#.>..................
#####################


You could see a cyclops, an unseen horror (invisible) and a friendly hellwing.

Vanquished Creatures
  A two-headed ogre (D:10)
  Pikel (D:7)
  Joseph (D:8)
  Psyche (D:8)
  2 trolls
  Prince Ribbit (D:8)
  3 hippogriffs
  A wyvern (D:11)
  A yak (D:10)
  A wraith (D:10)
  A hungry ghost (D:6)
  2 porcupines (D:11)
  2 sky beasts
  6 orc warriors
  2 ice beasts
  2 black bears
  2 eyes of draining (D:10)
  6 ogres
  5 centaurs
  2 crocodiles
  10 big kobolds
  3 gnoll sergeants
  6 bullfrogs
  4 scorpions
  6 killer bees
  4 wights
  A centaur zombie (D:9)
  4 howler monkeys
  2 bullfrog zombies
  3 crimson imps
  4 jellies
  4 hounds
  7 orc priests
  7 orc wizards
  3 bullfrog skeletons
  3 iguanas
  14 worker ants
  A killer bee zombie (D:8)
  2 hound zombies
  2 hound skeletons
  A worker ant zombie (D:7)
  10 gnolls
  14 adders
  4 river rats (D:7)
  3 shadow imps
  An ooze (D:2)
  6 worms
  10 leopard geckos
  60 orcs
  6 bats
  4 giant cockroaches
  6 goblins
  7 hobgoblins
  5 jackals
  8 quokkas
  3 ball pythons
  10 frilled lizards
  A jackal skeleton (D:5)
  6 kobolds
  A leopard gecko skeleton (D:5)
  21 rats
320 creatures vanquished.

Vanquished Creatures (collateral kills)
  An orc warrior (D:9)
  2 orcs (D:9)
3 creatures vanquished.

Vanquished Creatures (others)
  Menkaure (D:7)
  A slave (D:7)
  A crimson imp (D:7)
  A centaur zombie (D:7)
  A hell rat (D:7)
  A hound skeleton (D:7)
  An orc (D:7)
  A jackal (D:7)
  A rat (D:7)
  23 fungi (D:11)
  11 plants
43 creatures vanquished.

Grand Total: 366 creatures vanquished

Notes
Turn   | Place    | Note
-------+----------+-------------------------------------------
     0 | D:1      | iamserjio the Felid Fighter began the quest for the Orb.
     0 | D:1      | Reached XP level 1. HP: 10/10 MP: 2/2
   254 | D:1      | Found a burning altar of Makhleb.
   313 | D:1      | Became a worshipper of Makhleb the Destroyer
   463 | D:1      | Reached XP level 2. HP: 14/14 MP: 3/3
   480 | D:1      | Reached skill level 1 in Stealth
  1040 | D:2      | Found an ancient bone altar of Kikubaaqudgha.
  1158 | D:2      | Reached * piety under Makhleb
  1158 | D:2      | Reached XP level 3. HP: 17/17 MP: 4/4
  1756 | D:2      | Reached XP level 4. HP: 21/21 MP: 5/5
  2546 | D:3      | Reached skill level 1 in Invocations
  3882 | D:3      | Reached skill level 5 in Dodging
  3884 | D:3      | HP: 1/31 [orc wizard/magic dart (9)]
  4177 | D:2      | Reached XP level 5. HP: 14/24 MP: 5/7
  4609 | D:4      | Reached skill level 5 in Unarmed Combat
  5067 | D:4      | Reached ** piety under Makhleb
  5125 | D:4      | Gained mutation: You are covered in thick fur. (AC +2) [Felid growth]
  5125 | D:4      | Reached XP level 6. HP: 23/28 MP: 8/8
  6289 | D:5      | Entered Level 5 of the Dungeon
  6344 | D:5      | Reached skill level 5 in Stealth
  6445 | D:5      | Reached XP level 7. HP: 32/32 MP: 9/9
  7848 | D:6      | Found a basalt altar of Yredelemnul.
  8045 | D:6      | Reached XP level 8. HP: 36/36 MP: 11/11
  8130 | D:6      | Reached skill level 5 in Fighting
  8407 | D:6      | Found a staircase to the Ecumenical Temple.
  9449 | D:7      | Reached *** piety under Makhleb
  9925 | D:7      | Noticed Pikel
 10086 | D:7      | Killed Pikel
 10086 | D:7      | Reached XP level 9. HP: 41/41 MP: 13/13
 10242 | D:7      | Killed Menkaure
 10540 | D:7      | Reached skill level 5 in Invocations
 11842 | D:8      | Reached **** piety under Makhleb
 11932 | D:8      | Noticed Joseph
 11946 | D:8      | Killed Joseph
 12336 | D:8      | Noticed Gastronok
 12424 | D:8      | Noticed Psyche
 12441 | D:8      | Killed Psyche
 12441 | D:8      | Reached XP level 10. HP: 46/46 MP: 15/15
 12893 | D:8      | Noticed Prince Ribbit
 12914 | D:8      | Killed Prince Ribbit
 13413 | D:10     | Entered Level 10 of the Dungeon
 13449 | D:10     | Found a blossoming altar of Fedhas.
 13536 | D:9      | Reached skill level 10 in Unarmed Combat
 13688 | D:8      | Slain by an orc warrior
 13689 | D:8      | Reached XP level 9. HP: -2/43 MP: 14/14
 14164 | D:9      | Reached ***** piety under Makhleb
 14471 | D:9      | Reached skill level 10 in Stealth
 14547 | D:9      | Found a roughly hewn altar of Beogh.
 14951 | D:10     | Found a staircase to the Orcish Mines.
 14951 | D:10     | Noticed a troll
 14975 | D:10     | Reached XP level 10. HP: 36/47 MP: 15/15
 15491 | D:10     | Slain by a vampire
 15492 | D:10     | Reached XP level 9. HP: 0/43 MP: 15/15
 15609 | D:10     | Noticed a two-headed ogre
 15645 | D:10     | Killed a two-headed ogre
 15967 | Orc:1    | Entered Level 1 of the Orcish Mines
 15977 | Orc:1    | Noticed an orc knight
 15978 | Orc:1    | Noticed an orc knight
 16385 | D:10     | Reached XP level 10. HP: 20/48 MP: 16/16
 16623 | D:11     | Noticed a two-headed ogre
 17194 | D:11     | Found a staircase to the Lair.
 17409 | D:11     | Noticed a cyclops
 17410 | D:11     | Noticed an unseen horror
 17440 | D:11     | Demolished by a cyclops

Vault maps used:
D:1:      dpeg_arrival_snail, kennysheep_flooded_box
D:2:      marbit_many_paths, supply_closet_lemuel, minmay_cupped
D:5:      first_ration
D:6:      temple_doors_ab, basic_altar
D:7:      lemuel_ratsnest, minmay_unpleasant_kobolds, uniq_menkaure, uniq_pikel
D:8:      nicolae_whirlpool, uniq_joseph, uniq_gastronok, uniq_prince_ribbit1,
          uniq_psyche
D:9:      special_room
D:10:     kennysheep_orc_monster_closet_entryway, basic_altar,
          onia_ninara_cookie
D:11:     due_lair_maze_entry_diamond, trove_entry_hex_spiral,
          minmay_rotating_lava
D:12:     lab_entry_generic, serial_bayou, serial_bayou_lagoon_a,
          serial_bayou_pond_a, serial_bayou_shore_b, serial_bayou_shore_b,
          serial_bayou_crossing, serial_bayou_pond_b

Skill      XL: |  1  2  3  4  5  6  7  8  9 10 |
---------------+-------------------------------+-----
Stealth        | 1 2 3 4 5 6 8 10 | 10.9
Invocations    | 1 2 3 4 7 6 |  7.1
Dodging        | 5 6 7 9 |  9.6
Unarmed Combat | 5 6 8 9 10 | 10.8
Fighting       | 4 5 8 7 |  8.2

Action                   |  1- 3 |  4- 6 |  7- 9 | 10-12 || total
-------------------------+-------+-------+-------+-------++-------
Melee: Unarmed           |    82 |   130 |   527 |   216 ||   955
       Bite              |     9 |     5 |    45 |    28 ||    87
       Punch             |       |     2 |    22 |     8 ||    32
Invok: Minor Destruction |       |       |     9 |     6 ||    15
       Lesser Servant of |       |       |     1 |     1 ||     2
       Major Destruction |       |       |       |     1 ||     1
Evoke: Wand              |       |       |    10 |     5 ||    15
  Use: Potion            |       |     2 |     1 |     1 ||     4
       Scroll            |       |     5 |     3 |     5 ||    13
 Stab: Sleeping          |    10 |     8 |    22 |    15 ||    55
       Confused          |       |       |     5 |     1 ||     6
       Distracted        |       |       |     4 |     1 ||     5
  Eat: Chunk             |     9 |     9 |    29 |     6 ||    53
Armor: Skin              |     4 |     5 |    16 |     7 ||    32
Dodge: Dodged            |    43 |    91 |   456 |   189 ||   779

Table legend:
 A = Spawn XP
 B = Non-spawn XP
 C = Spawn XP percentage of total XP
 D = Spawn monster count
 E = Non-spawn monster count
 F = Spawn count percentage of total count
 G = Total turns spent on level
                    A         B        C        D         E        F      G
               +---------+---------+-------+---------+---------+-------+---------
         Total |       0 |   13898 |   0.0 |       0 |     324 |   0.0 | 17440
               +---------+---------+-------+---------+---------+-------+---------
           D:1 |       0 |      23 |   0.0 |       0 |      15 |   0.0 |   779
           D:2 |       0 |     117 |   0.0 |       0 |      28 |   0.0 |  2168
           D:3 |       0 |     169 |   0.0 |       0 |      15 |   0.0 |  2156
           D:4 |       0 |     219 |   0.0 |       0 |      15 |   0.0 |  1340
           D:5 |       0 |     650 |   0.0 |       0 |      27 |   0.0 |  1211
           D:6 |       0 |    1073 |   0.0 |       0 |      26 |   0.0 |  2174
           D:7 |       0 |    1842 |   0.0 |       0 |      51 |   0.0 |  1998
           D:8 |       0 |    2680 |   0.0 |       0 |      29 |   0.0 |  1637
           D:9 |       0 |    1671 |   0.0 |       0 |      47 |   0.0 |  1478
          D:10 |       0 |    4367 |   0.0 |       0 |      51 |   0.0 |  1879
          D:11 |       0 |     825 |   0.0 |       0 |      14 |   0.0 |   557
          D:12 |       0 |     127 |   0.0 |       0 |       3 |   0.0 |    43
         Orc:1 |       0 |     135 |   0.0 |       0 |       3 |   0.0 |    20
               +---------+---------+-------+---------+---------+-------+---------
